[Event "Titled Tuesday Blitz June 21 Late 2022"]
[White "Prieto Aranguren, Alain"]
[Black "Altman, Joshua"]
[WhiteFideId "2268906"]
[BlackFideId "426210"]
[WhiteElo "2224"]
[BlackElo "1945"]
[Result "1-0"]
[Round "06"]
[TimeControl "180+1"]
[Date "2022.06.22"]
[WhiteClock "0:00:14"]
[BlackClock "0:00:30"]

1. d4 Nf6 2. c4 e6 3. Nf3 b6 4. g3 Bb7 5. Bg2 Bb4+ 6. Bd2 Bxd2+ 7. Nbxd2 c5 8. O-O O-O 9. e3 d6 10. Rc1 Qc7 11. Qc2 Nbd7 12. Rfd1 Rfd8 13. dxc5 Nxc5 14. Nb3 Be4 15. Qc3 Qb7 16. Nxc5 bxc5 17. Ne1 Bxg2 18. Nxg2 Qf3 19. Nh4 Qh5 20. Qd3 Ng4 21. Qe2 g5 22. h3 gxh4 23. Qxg4+ Qxg4 24. hxg4 hxg3 25. f3 Kf8 26. Kg2 Ke7 27. Kxg3 Rg8 28. Rh1 Rg7 29. f4 Rag8 30. Rh4 h5 31. g5 f6 32. Rxh5 fxg5 33. fxg5 Rxg5+ 34. Rxg5 Rxg5+ 35. Kf3 Rf5+ 36. Ke2 Rh5 37. Kd3 Rh2 38. Rc2 Rxc2 39. Kxc2 Kf6 40. Kd3 Ke5 41. b3 a6 42. a3 a5 43. Kd2 Ke4 44. Ke2 Kf5 45. Kf3 d5 46. Ke2 Ke4 47. cxd5 exd5 48. Kd2 Kf3 49. Kd3 Kf2 50. e4 dxe4+ 51. Kxe4 Ke2 52. Kd5 Kd3 53. Kxc5 Kc3 54. b4 axb4 55. axb4 Kd3 56. b5 Ke4 57. b6 Ke5 58. b7 Ke6 59. b8=Q Kd7 60. Qb6 Ke7 61. Kd5 Kf7 62. Ke5 Kg7 63. Kf5 Kh7 64. Kg5 Kh8 65. Qb7 Kg8 66. Kf6 Kf8 67. Qf7# 1-0


[Site "https://www.chess.com"]

[Event "Titled Tuesday Blitz June 21 Late 2022"]
[White "Przybylski, Wojciech"]
[Black "Hoffmann, Asa"]
[WhiteFideId "1117599"]
[BlackFideId "2001470"]
[WhiteElo "2133"]
[BlackElo "2117"]
[Result "1-0"]
[Round "06"]
[TimeControl "180+1"]
[Date "2022.06.22"]
[WhiteClock "0:00:03"]
[BlackClock "0:00:01"]

1. e4 d6 2. d4 c6 3. Nf3 Bg4 4. Be2 Nf6 5. Nc3 e6 6. O-O d5 7. Bg5 Be7 8. e5 Nfd7 9. Bxe7 Qxe7 10. a3 a6 11. b4 b6 12. h3 Bh5 13. Na4 O-O 14. c3 Rc8 15. Qb3 b5 16. Nc5 Nb6 17. a4 Bxf3 18. Bxf3 Nc4 19. Rfd1 Nd7 20. Nd3 Qg5 21. Ra2 Nf8 22. g3 Ng6 23. Kh2 h5 24. h4 Nxh4 25. gxh4 Qxh4+ 26. Kg1 g5 27. Re2 g4 28. Bg2 Kh8 29. Qc2 Rg8 30. Qc1 Qg5 31. Qxg5 Rxg5 32. Ra1 h4 33. axb5 cxb5 34. Nc5 h3 35. Bh1 g3 36. fxg3 Rxg3+ 37. Kh2 Rxc3 38. Rxa6 Rg8 39. Ra7 Ne3 40. Kxh3 Nf5+ 41. Kh2 Nxd4 42. Rf2 Nf5 43. Rxf7 Rgg3 44. Bg2 Nh6 45. Rf8+ Kg7 46. Nxe6+ Kg6 47. Nf4+ Kh7 48. Nh5 Ng4+ 49. Kg1 Nxf2 50. Nxg3 Rxg3 51. Kxf2 Rb3 52. Rf7+ Kg6 53. Rf6+ Kg5 54. Bxd5 Rxb4 55. Rf3 Rd4 56. Bc6 b4 57. Ba4 Re4 58. Re3 Rf4+ 59. Ke2 Rf7 60. Bb3 Re7 61. e6 Kf6 62. Kd3 Kf5 63. Re2 Kf6 64. Kc2 Kf5 65. Bc4 Kf6 66. Kb3 Rb7 67. Rf2+ Ke5 68. Rd2 Kf6 69. Rd3 1-0


[Site "https://www.chess.com"]

[Event "Titled Tuesday Blitz June 21 Late 2022"]
[White "Reprintsev, Alexander"]
[Black "Rama, Tejas"]
[WhiteFideId "14100541"]
[BlackFideId "30907381"]
[WhiteElo "2108"]
[BlackElo "1430"]
[Result "1/2-1/2"]
[Round "06"]
[TimeControl "180+1"]
[Date "2022.06.22"]
[WhiteClock "0:00:03"]
[BlackClock "0:00:04"]

1. e4 e5 2. f4 d5 3. exd5 exf4 4. Nf3 Nf6 5. Bb5+ c6 6. dxc6 Nxc6 7. Nc3 Be6 8. d4 Bd6 9. Ne5 O-O 10. Bxc6 bxc6 11. Bxf4 Qc7 12. O-O c5 13. Nb5 Qb6 14. Nxd6 Qxd6 15. Ng6 Qxd4+ 16. Qxd4 cxd4 17. Nxf8 Kxf8 18. Be5 Ne4 19. Bxd4 Rc8 20. c3 a6 21. b3 Nxc3 22. Bxc3 Rxc3 23. Rac1 Rd3 24. Rfd1 Rxd1+ 25. Rxd1 Ke7 26. Kf2 f6 27. Ke3 Bf5 28. Kd4 Kd6 29. b4 Be6 30. a4 Bb3 31. Ra1 Kc6 32. Ra3 Bd1 33. Rc3+ Kb6 34. a5+ Kb5 35. Rc7 Kxb4 36. Rxg7 Bc2 37. Rf7 Kxa5 38. Rxf6 Kb5 39. Rf2 Bb3 40. Rb2 Kb4 41. g4 a5 42. h4 a4 43. g5 a3 44. Rb1 a2 45. Ra1 Ka3 46. Kc3 Bf7 47. Rh1 Be6 48. h5 Bf5 49. Ra1 Bb1 50. g6 hxg6 51. hxg6 Bxg6 52. Rxa2+ Kxa2 1/2-1/2


[Site "https://www.chess.com"]

[Event "Titled Tuesday Blitz June 21 Late 2022"]
[White "Richter, Nils"]
[Black "Mikhailov, Viacheslav"]
[WhiteFideId "12990809"]
[BlackFideId "4187369"]
[WhiteElo "2311"]
[BlackElo "2381"]
[Result "0-1"]
[Round "06"]
[TimeControl "180+1"]
[Date "2022.06.21"]
[WhiteClock "0:00:05"]
[BlackClock "0:00:02"]

1. e4 d6 2. d4 Nf6 3. Nc3 g6 4. f4 Bg7 5. Nf3 O-O 6. Bd3 Bg4 7. O-O Nc6 8. Be3 e5 9. fxe5 dxe5 10. d5 Nd4 11. Ne2 Bxf3 12. gxf3 Nxe2+ 13. Bxe2 Nh5 14. Qd2 Qh4 15. Rf2 c6 16. Bg5 Qh3 17. Bf1 Qd7 18. Bc4 Kh8 19. dxc6 Qxc6 20. Bd5 Qc7 21. Kh1 f5 22. Qb4 fxe4 23. Bxe4 Nf4 24. Rd2 Ne6 25. Be7 Rfe8 26. Bd6 Qf7 27. Qxb7 Qf4 28. Rad1 Rad8 29. Qxa7 Ng5 30. Qb7 h5 31. Be7 Rxd2 32. Rxd2 Qxd2 33. Bxg6 Qe1+ 34. Kg2 Qd2+ 35. Kh1 Rxe7 36. Qxe7 Qe1+ 37. Kg2 Qe2+ 38. Kh1 Qf1# 0-1


[Site "https://www.chess.com"]

[Event "Titled Tuesday Blitz June 21 Late 2022"]
[White "Romanchuk, Viktor"]
[Black "Veiga, Jose Francisco R P Neves"]
[WhiteFideId "14109271"]
[BlackFideId "1930087"]
[WhiteElo "2589"]
[BlackElo "2471"]
[Result "1-0"]
[Round "06"]
[TimeControl "180+1"]
[Date "2022.06.22"]
[WhiteClock "0:00:24"]
[BlackClock "0:00:04"]

1. d4 Nf6 2. c4 g6 3. Nf3 d5 4. Nc3 Bg7 5. Bf4 O-O 6. Rc1 dxc4 7. e4 c5 8. d5 b5 9. e5 Nh5 10. Be3 b4 11. Ne4 f5 12. Nxc5 f4 13. Bd2 Na6 14. Nxa6 Bxa6 15. Bxb4 Rc8 16. Qd4 Qc7 17. b3 Rf5 18. d6 exd6 19. Bxd6 Qa5+ 20. b4 Qb5 21. a4 Qxa4 22. Bxc4+ Bxc4 23. Rxc4 Re8 24. O-O Qd7 25. Rc7 Qe6 26. Rxa7 g5 27. h3 Qg6 28. Qd5+ Qe6 29. Qxe6+ Rxe6 30. Rc1 Rf7 31. Rc8+ 1-0


[Site "https://www.chess.com"]

[Event "Titled Tuesday Blitz June 21 Late 2022"]
[White "Rosenberg, Evan S"]
[Black "Desideri, Ricardo Maruchi"]
[WhiteFideId "2019299"]
[BlackFideId "2110440"]
[WhiteElo "2337"]
[BlackElo "1945"]
[Result "1-0"]
[Round "06"]
[TimeControl "180+1"]
[Date "2022.06.22"]
[WhiteClock "0:00:15"]
[BlackClock "0:00:01"]

1. e4 c5 2. Nc3 d6 3. f4 g6 4. Nf3 Bg7 5. Bb5+ Nd7 6. d3 a6 7. Bxd7+ Bxd7 8. O-O Bc6 9. Qe1 e6 10. f5 Ne7 11. fxe6 fxe6 12. Ng5 Qd7 13. Qh4 O-O-O 14. Nf7 Bd4+ 15. Kh1 Nf5 16. Rxf5 gxf5 17. Nxd8 Rxd8 18. Bg5 Rg8 19. Ne2 Qg7 20. Nf4 Qxg5 21. Qxg5 Rxg5 22. Nxe6 Rh5 23. c3 Be3 24. Ng7 Rg5 25. Nxf5 Bf4 26. Rf1 Be5 27. Kg1 h5 28. g3 Kd7 29. Kg2 b5 30. h4 Rg4 31. Kh3 c4 32. d4 Bf6 33. d5 Bb7 34. Ne3 Rg6 35. Rf5 1-0


[Site "https://www.chess.com"]

[Event "Titled Tuesday Blitz June 21 Late 2022"]
[White "Rustemov, Alexander"]
[Black "Roberson, Peter T"]
[WhiteFideId "4119002"]
[BlackFideId "412384"]
[WhiteElo "2729"]
[BlackElo "2346"]
[Result "1-0"]
[Round "06"]
[TimeControl "180+1"]
[Date "2022.06.21"]
[WhiteClock "0:00:25"]
[BlackClock "0:00:02"]

1. d4 Nf6 2. c4 e6 3. Nf3 c5 4. d5 d6 5. Nc3 exd5 6. cxd5 g6 7. e4 a6 8. h3 b5 9. Bd3 Bg7 10. O-O O-O 11. Re1 Nbd7 12. Bf4 Qb6 13. Qd2 Re8 14. Bh6 Bb7 15. Qf4 Nh5 16. Qd2 Ne5 17. Be2 Nxf3+ 18. Bxf3 Nf6 19. Bxg7 Kxg7 20. b3 Re7 21. Re3 Rae8 22. Rae1 b4 23. Nb1 a5 24. Qb2 a4 25. Nd2 a3 26. Qa1 Qd8 27. Nc4 Re5 28. Nxe5 Rxe5 29. g3 Kg8 30. Bg2 Nd7 31. f4 Re7 32. e5 Nb6 33. exd6 Rxe3 34. Rxe3 c4 35. Qe5 cxb3 36. Rxb3 Nc4 37. Qe7 Qb6+ 38. Kh2 Nxd6 39. Qf6 h5 40. f5 gxf5 41. Qg5+ Kf8 42. Qxh5 Qd4 43. Qh4 Qxh4 44. gxh4 1-0


[Site "https://www.chess.com"]

[Event "Titled Tuesday Blitz June 21 Late 2022"]
[White "Rychkov, Roman"]
[Black "Shohat, Yotam"]
[WhiteFideId "30985595"]
[BlackFideId "2813955"]
[WhiteElo "2303"]
[BlackElo "2119"]
[Result "0-1"]
[Round "06"]
[TimeControl "180+1"]
[Date "2022.06.22"]
[WhiteClock "0:00:01"]
[BlackClock "0:00:03"]

1. e4 Nf6 2. e5 Nd5 3. c4 Nb6 4. d4 d6 5. f4 Bf5 6. Nc3 dxe5 7. fxe5 Nc6 8. Be3 e6 9. Be2 Be7 10. Nf3 g5 11. O-O g4 12. Ne1 h5 13. Qd2 Qd7 14. Rd1 O-O-O 15. Nc2 Bg6 16. a3 Kb8 17. b4 Rhf8 18. b5 Nxe5 19. dxe5 Qxd2 20. Rxd2 Rxd2 21. Bxd2 Bxc2 22. Bh6 Rh8 23. Bg7 Rg8 24. Bf6 Bc5+ 25. Kh1 Bxa3 26. Bh4 Bb2 27. Nd1 Bxe5 28. Rxf7 Nxc4 29. Bxc4 Bxd1 30. Bxe6 Rh8 31. Bd5 Bd6 32. Kg1 Bc5+ 33. Kh1 Rf8 34. Rxf8+ Bxf8 35. h3 gxh3 36. gxh3 Be2 37. Bf7 Bxb5 38. Bxh5 a5 39. Bf7 Bg7 40. Be7 a4 41. h4 b6 42. Ba3 c5 43. h5 Bd3 44. Kg2 Kc7 45. Kf3 Kd6 46. Ke3 Bb1 47. Kf4 b5 48. Kg5 b4 49. Bg6 Bxg6 50. Kxg6 Bc3 0-1


[Site "https://www.chess.com"]

[Event "Titled Tuesday Blitz June 21 Late 2022"]
[White "Sadilek, Peter"]
[Black "Khan, Taffin"]
[WhiteFideId "1616439"]
[BlackFideId "19700024"]
[WhiteElo "2145"]
[BlackElo "1965"]
[Result "1-0"]
[Round "06"]
[TimeControl "180+1"]
[Date "2022.06.22"]
[WhiteClock "0:02:59"]
[BlackClock "0:00:59"]

1. g3 d5 2. Bg2 e5 3. d3 f5 4. c4 c6 5. cxd5 cxd5 6. Qb3 Nf6 7. Bg5 e4 8. dxe4 fxe4 9. Nc3 d4 10. Nxe4 Qa5+ 11. Bd2 Qe5 12. Nxf6+ gxf6 13. Bxb7 1-0


[Site "https://www.chess.com"]

[Event "Titled Tuesday Blitz June 21 Late 2022"]
[White "Sailer, Mike"]
[Black "Quirke, Jeffrey"]
[WhiteFideId "2012901"]
[BlackFideId "2013029"]
[WhiteElo "2109"]
[BlackElo "2190"]
[Result "0-1"]
[Round "06"]
[TimeControl "180+1"]
[Date "2022.06.22"]
[WhiteClock "0:00:02"]
[BlackClock "0:00:26"]

1. d4 d5 2. Nf3 c5 3. Bf4 cxd4 4. Bxb8 Rxb8 5. Qxd4 Qa5+ 6. Nc3 e6 7. O-O-O Nf6 8. e4 Bb4 9. Bb5+ Ke7 10. a4 a6 11. Be2 Bxc3 12. bxc3 Nxe4 13. Qxg7 Qxc3 14. Qxc3 Nxc3 15. Rd2 Nxe2+ 16. Rxe2 Bd7 17. Rd1 Kf6 18. Rd4 Rbc8 19. Ne5 Ke7 20. Rf4 Be8 21. Re3 Rg8 22. g3 f6 23. Ng4 Rf8 24. Ref3 Bh5 25. h3 Bxg4 26. Rxg4 Rc4 27. Rg7+ Rf7 28. Rxf7+ Kxf7 29. Ra3 a5 30. Kd2 Ke7 31. Kd3 Kd6 32. Rb3 Kc6 33. Ra3 e5 34. f3 f5 35. Ra2 e4+ 0-1


[Site "https://www.chess.com"]

[Event "Titled Tuesday Blitz June 21 Late 2022"]
[White "Sanchez Alarcon, Juan"]
[Black "Jian, Alex"]
[WhiteFideId "3401332"]
[BlackFideId "30901022"]
[WhiteElo "2164"]
[BlackElo "2111"]
[Result "0-1"]
[Round "06"]
[TimeControl "180+1"]
[Date "2022.06.22"]
[WhiteClock "0:00:21"]
[BlackClock "0:00:04"]

1. e4 c5 2. c3 d5 3. exd5 Qxd5 4. d4 Nf6 5. Nf3 Nc6 6. Be2 e6 7. O-O Be7 8. c4 Qd8 9. Be3 cxd4 10. Nxd4 Bd7 11. Nc3 O-O 12. Qd2 Rc8 13. Rfd1 a6 14. Rac1 Qc7 15. a3 Rfd8 16. Qc2 Ne5 17. Ne4 Nfg4 18. Bf4 Bc6 19. Nxc6 Qxc6 20. Rxd8+ Rxd8 21. h3 Nf6 22. Bf3 Nxf3+ 23. gxf3 Rc8 24. Qb3 Nxe4 25. fxe4 Qxe4 26. Bg3 h6 27. Kh2 Bf6 28. c5 Rd8 29. Rc4 Qe2 30. Rc2 Qe4 31. Rc4 Rd4 32. Rxd4 Bxd4 33. Qb4 e5 34. b3 Qe2 35. Qxb7 Bxf2 36. Qa8+ Kh7 37. Bxf2 Qxf2+ 38. Qg2 Qxc5 39. Qe4+ g6 40. Qf3 Qe7 41. Qe2 Qxa3 42. Qxe5 Qxb3 43. Qf6 Qe6 44. Qf2 a5 45. Qc2 Qe5+ 46. Kg2 Qd5+ 47. Kh2 Qd6+ 48. Kg2 Qf4 49. Qa2 a4 50. Qa3 Kg7 51. Qa2 Qe4+ 52. Kh2 Qf4+ 53. Kg2 Qb4 54. Qa1+ Kh7 55. Qf6 Qb3 56. h4 a3 57. h5 Qb2+ 58. Qxb2 axb2 59. Kf3 b1=Q 60. hxg6+ fxg6 0-1


[Site "https://www.chess.com"]

[Event "Titled Tuesday Blitz June 21 Late 2022"]
[White "Barria Santos, Jose Guilherme"]
[Black "Levine, Joseph"]
[WhiteFideId "1939300"]
[BlackFideId "30940346"]
[WhiteElo "2261"]
[BlackElo "1802"]
[Result "1-0"]
[Round "06"]
[TimeControl "180+1"]
[Date "2022.06.22"]
[WhiteClock "0:02:25"]
[BlackClock "0:02:07"]

1. e4 e6 2. d4 d5 3. Nc3 Nf6 4. Bg5 Be7 5. e5 Nfd7 6. h4 h6 7. Bxe7 Qxe7 8. Qg4 O-O 9. Nf3 c5 10. dxc5 Nc6 11. Qg3 Qxc5 12. O-O-O Rb8 13. h5 b5 14. Rh4 b4 15. Rg4 bxc3 16. Rxg7+ Kh8 17. Bd3 f5 18. Qg6 1-0


[Site "https://www.chess.com"]

[Event "Titled Tuesday Blitz June 21 Late 2022"]
[White "Sarana, Alexey"]
[Black "Zhigalko, Sergei"]
[WhiteFideId "24133795"]
[BlackFideId "13502956"]
[WhiteElo "2666"]
[BlackElo "2662"]
[Result "1-0"]
[Round "06"]
[TimeControl "180+1"]
[Date "2022.06.21"]
[WhiteClock "0:00:05"]
[BlackClock "0:00:01"]

1. d4 Nf6 2. c4 e6 3. Nc3 Bb4 4. e3 O-O 5. Bd3 d5 6. a3 Bxc3+ 7. bxc3 c5 8. cxd5 exd5 9. Ne2 Bg4 10. f3 Bh5 11. O-O Bg6 12. Ng3 Nc6 13. Bb2 Re8 14. Re1 Rc8 15. Qe2 Qa5 16. Rad1 Qa4 17. h4 a6 18. Bxg6 hxg6 19. e4 cxd4 20. cxd4 Na5 21. e5 Rc2 22. Rd2 Rxd2 23. Qxd2 Nc4 24. Qf2 Nh5 25. Bc1 Nxg3 26. Qxg3 Nxa3 27. Bxa3 Qxa3 28. Qf4 Rc8 29. Kh2 Qe7 30. Rb1 b5 31. Kg3 Rc4 32. Ra1 Qa7 33. Qg5 Rxd4 34. Rc1 Rc4 35. Rd1 Qd7 36. h5 gxh5 37. Qxh5 g6 38. Qh6 Qe7 39. f4 Rc3+ 40. Kh2 Qf8 41. Qh4 Rc6 42. Rxd5 Rc8 43. Rd7 Qg7 44. e6 Rf8 45. e7 1-0


[Site "https://www.chess.com"]

[Event "Titled Tuesday Blitz June 21 Late 2022"]
[White "Sargsyan, Anna M."]
[Black "Koc, Przemyslaw"]
[WhiteFideId "13308130"]
[BlackFideId "1109081"]
[WhiteElo "2626"]
[BlackElo "2493"]
[Result "1-0"]
[Round "06"]
[TimeControl "180+1"]
[Date "2022.06.22"]
[WhiteClock "0:00:24"]
[BlackClock "0:00:21"]

1. d4 f5 2. e4 fxe4 3. f3 d5 4. c4 c6 5. Nc3 Nf6 6. fxe4 dxe4 7. Be3 Bf5 8. Nge2 e6 9. Ng3 Bb4 10. Qb3 Qa5 11. Be2 O-O 12. O-O Nbd7 13. c5 Kh8 14. Nxf5 exf5 15. Rxf5 Bxc3 16. bxc3 Nd5 17. Rxf8+ Rxf8 18. Bd2 Nxc5 19. dxc5 Qxc5+ 20. Kh1 Qf2 21. Qc4 b5 22. Qxe4 h6 23. h3 Qg3 24. Rf1 Rxf1+ 25. Bxf1 Nf6 26. Qf3 Qd6 27. Bd3 Qe5 28. Qf5 Qxf5 29. Bxf5 a6 30. Kg1 a5 31. Kf2 Nd5 32. Bd7 Ne7 33. c4 b4 34. Be3 Ng6 35. Bxc6 Ne5 36. Bb5 g5 37. Bd4 1-0


[Site "https://www.chess.com"]

[Event "Titled Tuesday Blitz June 21 Late 2022"]
[White "Sarkar, Justin"]
[Black "Konaplev, Anton"]
[WhiteFideId "2010011"]
[BlackFideId "24165646"]
[WhiteElo "2020"]
[BlackElo "2208"]
[Result "0-1"]
[Round "06"]
[TimeControl "180+1"]
[Date "2022.06.22"]
[WhiteClock "0:00:01"]
[BlackClock "0:01:48"]

1. e4 e5 2. Qh5 Nc6 3. Bc4 g6 4. Qf3 Nf6 5. Ne2 Bg7 6. d3 d6 7. Nbc3 h6 8. Nd5 Nxd5 9. Bxd5 Qe7 10. c3 Be6 11. O-O O-O 12. Qg3 Kh7 13. f4 f5 14. Be3 Rae8 15. Rf2 Bxd5 16. exd5 Nb8 17. Re1 Nd7 0-1


[Site "https://www.chess.com"]

[Event "Titled Tuesday Blitz June 21 Late 2022"]
[White "Shapiro, Daniel"]
[Black "Golubev, Mikhail"]
[WhiteFideId "2001780"]
[BlackFideId "14100983"]
[WhiteElo "2282"]
[BlackElo "2374"]
[Result "0-1"]
[Round "06"]
[TimeControl "180+1"]
[Date "2022.06.22"]
[WhiteClock "0:00:09"]
[BlackClock "0:00:42"]

1. d4 Nf6 2. c4 g6 3. Nc3 Bg7 4. e4 d6 5. Be2 O-O 6. Nf3 e5 7. O-O Nc6 8. d5 Ne7 9. a4 a5 10. b3 b6 11. Ba3 Nh5 12. Ne1 f5 13. Bxh5 gxh5 14. Qxh5 f4 15. Qe2 f3 16. Nxf3 Bg4 17. Qe3 Bxf3 18. gxf3 Ng6 19. Ne2 Nh4 20. Bc1 Nxf3+ 21. Kg2 Qh4 22. Rh1 Qg4+ 23. Ng3 Nh4+ 24. Kf1 Rf3 25. Qg5 Rxg3 26. hxg3 Qd1# 0-1


[Site "https://www.chess.com"]

[Event "Titled Tuesday Blitz June 21 Late 2022"]
[White "Shuvalova, Polina"]
[Black "Gallegos Diaz, Carlos Alberto"]
[WhiteFideId "24171760"]
[BlackFideId "3900886"]
[WhiteElo "2330"]
[BlackElo "2362"]
[Result "1-0"]
[Round "06"]
[TimeControl "180+1"]
[Date "2022.06.22"]
[WhiteClock "0:00:04"]
[BlackClock "0:00:01"]

1. e4 d6 2. d4 Nf6 3. Nc3 c6 4. Nf3 Qa5 5. Bd3 e5 6. O-O Be7 7. h3 O-O 8. a4 Nbd7 9. Bd2 Qc7 10. Ne2 d5 11. Nxe5 Nxe4 12. Bf4 Bd6 13. Bxe4 dxe4 14. Nxd7 Bxd7 15. Qd2 Rfe8 16. Rfe1 Rad8 17. Rad1 c5 18. dxc5 Bxf4 19. Qxf4 Qxc5 20. Nc3 Bc6 21. Rxd8 Rxd8 22. Nxe4 Qxc2 23. Qc7 Rf8 24. Nd6 Qxb2 25. Nf5 Qb4 26. Re5 h6 27. a5 Qc3 28. Qd6 Qc1+ 29. Kh2 Qf4+ 30. Kg1 Qc1+ 31. Kh2 Qf4+ 32. Ng3 Rc8 33. Re8+ Bxe8 34. Qxf4 Bc6 35. Qg4 Re8 36. Nf5 g6 37. Nxh6+ Kh7 38. Qh4 Kg7 39. Ng4 1-0


[Site "https://www.chess.com"]

[Event "Titled Tuesday Blitz June 21 Late 2022"]
[White "Sibilio, Mario"]
[Black "Capp, Stephen"]
[WhiteFideId "800422"]
[BlackFideId "2027089"]
[WhiteElo "2296"]
[BlackElo "2114"]
[Result "1-0"]
[Round "06"]
[TimeControl "180+1"]
[Date "2022.06.22"]
[WhiteClock "0:00:05"]
[BlackClock "0:00:10"]

1. Nf3 Nc6 2. e4 e5 3. Bb5 a6 4. Ba4 Nf6 5. d3 d6 6. c3 g6 7. d4 b5 8. Bb3 Bg7 9. Bg5 O-O 10. Bd5 Bd7 11. Nbd2 h6 12. Bxf6 Qxf6 13. dxe5 dxe5 14. a4 g5 15. O-O g4 16. Ne1 Rad8 17. axb5 axb5 18. Ra6 Ra8 19. Rxa8 Rxa8 20. Nd3 Rd8 21. Nc5 h5 22. Qe2 b4 23. Nc4 bxc3 24. bxc3 Be8 25. Ne3 Ne7 26. Bc4 Ng6 27. g3 Bd7 28. Nxd7 Rxd7 29. f3 Qg5 30. fxg4 hxg4 31. Rf5 Qh6 32. Bd5 Bf8 33. Nxg4 Bc5+ 34. Kg2 Qg7 35. Nf6+ Kf8 36. Nxd7+ Kg8 37. Nxc5 Nf4+ 38. Rxf4 exf4 39. Qf3 fxg3 40. Qxg3 1-0


[Site "https://www.chess.com"]

[Event "Titled Tuesday Blitz June 21 Late 2022"]
[White "Silvestre, Christian"]
[Black "Arabidze, Meri"]
[WhiteFideId "30956269"]
[BlackFideId "13604040"]
[WhiteElo "2428"]
[BlackElo "2335"]
[Result "1-0"]
[Round "06"]
[TimeControl "180+1"]
[Date "2022.06.22"]
[WhiteClock "0:00:07"]
[BlackClock "0:00:03"]

1. d4 d5 2. Nf3 Nf6 3. Bf4 c5 4. c3 Nc6 5. e3 g6 6. Nbd2 Bg7 7. Bd3 O-O 8. h3 b6 9. Bh2 a5 10. Qe2 a4 11. a3 Bb7 12. O-O Re8 13. Ne5 Nxe5 14. Bxe5 c4 15. Bc2 b5 16. Rae1 Ne4 17. Bxg7 Kxg7 18. Bxe4 dxe4 19. f3 exf3 20. Nxf3 f5 21. Ne5 Be4 22. Rf4 Qd5 23. Ref1 e6 24. Qf2 Rf8 25. Qh4 Qd8 26. Qxd8 Raxd8 27. Kh2 g5 28. R4f2 Rf6 29. Ng4 Rg6 30. Ne5 Rf6 31. Ng4 Rff8 32. Ne5 h6 33. g3 Rh8 34. Rg1 h5 35. h4 Kf6 36. Kh3 Rh7 37. Kh2 Rg8 38. Rff1 Rhg7 39. hxg5+ Rxg5 40. Rf4 Rh8 41. Nd7+ Ke7 42. Ne5 Rh6 43. Rh4 Rh7 44. Rf4 Kd6 45. Rh4 Kd5 46. Rf4 Rg4 47. Rgf1 h4 48. Rxg4 fxg4 49. Nxg4 hxg3+ 50. Kxg3 Rg7 51. Kh4 Bf5 52. Nf6+ Kc6 53. e4 Bh7 54. Rf2 Bg6 55. Kg5 Bxe4+ 56. Kf4 Bd5 57. Ke5 Rg5+ 58. Kf4 Rf5+ 59. Ke3 Rg5 60. Kf4 Rg1 61. Ke5 Re1+ 62. Kf4 Rb1 63. Ng4 Kd6 64. Ne5 Re1 65. Kg5 Rg1+ 66. Kf6 Re1 67. Kf7 Be4 68. Kf6 Bd3 69. Rd2 Bf5 70. Rf2 Bb1 71. Rh2 Ba2 72. Nf7+ Kc6 73. Ne5+ Kd6 74. Rh5 Bb1 75. Nf7+ Kc6 76. Ne5+ Kb6 77. Rh6 Re2 78. Ke7 Rxb2 79. Rxe6+ Kb7 80. Kd6 Rb3 81. Re7+ Kb6 82. Nd7+ Ka5 83. Nc5 Rxc3 84. Ra7+ Kb6 85. Ra6# 1-0


[Site "https://www.chess.com"]

[Event "Titled Tuesday Blitz June 21 Late 2022"]
[White "Sjugirov, Sanan"]
[Black "Zhurbinsky, David"]
[WhiteFideId "4189302"]
[BlackFideId "2072904"]
[WhiteElo "2602"]
[BlackElo "2571"]
[Result "1-0"]
[Round "06"]
[TimeControl "180+1"]
[Date "2022.06.21"]
[WhiteClock "0:01:18"]
[BlackClock "0:00:01"]

1. e4 e5 2. Nf3 Nc6 3. Bb5 a6 4. Ba4 Nf6 5. O-O Be7 6. d3 b5 7. Bb3 O-O 8. a4 b4 9. Nbd2 a5 10. Re1 d6 11. h3 h6 12. c3 Re8 13. Nf1 Bf8 14. Ng3 Be6 15. Bxe6 Rxe6 16. d4 exd4 17. cxd4 d5 18. e5 Ne4 19. Nh5 g5 20. Be3 Rb8 21. Qb3 Ne7 22. Nh2 c5 23. dxc5 d4 24. Rad1 Nxc5 25. Qc4 Rc8 26. Bxd4 Ne4 27. Qe2 Qd5 28. Ng4 1-0


[Site "https://www.chess.com"]

[Event "Titled Tuesday Blitz June 21 Late 2022"]
[White "So, Wesley"]
[Black "Kravtsiv, Martyn"]
[WhiteFideId "5202213"]
[BlackFideId "14113147"]
[WhiteElo "2742"]
[BlackElo "2694"]
[Result "1-0"]
[Round "06"]
[TimeControl "180+1"]
[Date "2022.06.21"]
[WhiteClock "0:00:14"]
[BlackClock "0:00:03"]

1. e4 e5 2. Nf3 Nc6 3. Bc4 Nf6 4. d3 Be7 5. O-O O-O 6. a4 d5 7. exd5 Nxd5 8. Re1 Bg4 9. h3 Bxf3 10. Qxf3 Nd4 11. Qd1 Bf6 12. c3 Ne6 13. Nd2 Ndf4 14. Ne4 Re8 15. h4 c6 16. g3 Nd5 17. a5 Be7 18. Qf3 Qc7 19. Kg2 Rad8 20. Bd2 Qc8 21. Ng5 Bxg5 22. hxg5 Nf8 23. Re4 Ng6 24. Rae1 Qd7 25. Qh5 b5 26. Ba2 Nc7 27. Bb1 Ne6 28. Rh1 Nef8 29. b4 a6 30. Be3 Qd5 31. Qe2 Ne6 32. Qh5 Nef8 33. c4 Qd7 34. Bb6 Rc8 35. Qg4 Qxg4 36. Rxg4 Ne6 37. Be3 Rcd8 38. Rc1 Rd6 39. Re4 Red8 40. f4 exf4 41. gxf4 Ne7 42. Re5 Ng6 43. Re4 Ne7 44. Kf3 Nf5 45. Bb6 R8d7 46. Rce1 Kf8 47. Bc5 Kg8 48. Bxd6 Rxd6 49. cxb5 cxb5 50. Rc1 Nfd4+ 51. Ke3 g6 52. Ba2 Nf5+ 53. Kd2 Ned4 54. Rc7 Nc6 55. Rxf7 1-0


[Site "https://www.chess.com"]

[Event "Titled Tuesday Blitz June 21 Late 2022"]
[White "Sohal, Tanraj"]
[Black "Holt, Conrad"]
[WhiteFideId "2608499"]
[BlackFideId "2034387"]
[WhiteElo "2200"]
[BlackElo "2586"]
[Result "0-1"]
[Round "06"]
[TimeControl "180+1"]
[Date "2022.06.21"]
[WhiteClock "0:00:01"]
[BlackClock "0:00:30"]

1. d4 d5 2. Nf3 Nf6 3. c4 c6 4. cxd5 cxd5 5. Nc3 Nc6 6. Bf4 Nh5 7. Bd2 e6 8. e3 Nf6 9. Bd3 Bd6 10. O-O O-O 11. a3 e5 12. dxe5 Nxe5 13. Nxe5 Bxe5 14. h3 d4 15. exd4 Qxd4 16. Be3 Qh4 17. Qf3 Bg4 18. Qxb7 Rab8 19. Qc6 Rfc8 20. Qa4 Qh5 21. Ne4 Bxh3 22. Nxf6+ gxf6 23. Bf4 Bxg2 24. Kxg2 Qg4+ 25. Kh1 Qf3+ 26. Kg1 Qxd3 27. Bxe5 fxe5 28. Qg4+ Kh8 29. Rad1 Qc2 30. Kh2 Rg8 31. Qf3 Rb6 32. Rg1 Rh6+ 0-1


[Site "https://www.chess.com"]

[Event "Titled Tuesday Blitz June 21 Late 2022"]
[White "Svane, Rasmus"]
[Black "Suleymanli, Aydin"]
[WhiteFideId "4657101"]
[BlackFideId "13413937"]
[WhiteElo "2674"]
[BlackElo "2481"]
[Result "1-0"]
[Round "06"]
[TimeControl "180+1"]
[Date "2022.06.21"]
[WhiteClock "0:01:04"]
[BlackClock "0:00:01"]

1. Nf3 Nf6 2. g3 d5 3. Bg2 Nbd7 4. d4 Nb6 5. b3 Bf5 6. Nh4 Be4 7. f3 Bg6 8. Ba3 c6 9. Nd2 Qc7 10. f4 Ng4 11. Nf1 Nd7 12. c3 Ndf6 13. e3 Be4 14. Bxe4 dxe4 15. h3 Nh6 16. g4 Nd5 17. g5 Ng8 18. Qd2 Qa5 19. Bb2 g6 20. c4 Nb4 21. Bc3 e5 22. a3 exd4 23. exd4 Nd3+ 24. Qxd3 1-0


[Site "https://www.chess.com"]

[Event "Titled Tuesday Blitz June 21 Late 2022"]
[White "Swiercz, Dariusz"]
[Black "Guz, Ari"]
[WhiteFideId "1126881"]
[BlackFideId "2825759"]
[WhiteElo "2627"]
[BlackElo "1913"]
[Result "1-0"]
[Round "06"]
[TimeControl "180+1"]
[Date "2022.06.21"]
[WhiteClock "0:00:12"]
[BlackClock "0:00:01"]

1. d4 d5 2. c4 e6 3. Nf3 a6 4. Bg5 Be7 5. Bxe7 Nxe7 6. Nbd2 O-O 7. g3 dxc4 8. Nxc4 b5 9. Nce5 Bb7 10. Bg2 Nd7 11. Nxd7 Qxd7 12. O-O Ng6 13. Rc1 Rad8 14. e3 Bd5 15. Rc5 c6 16. Qc2 f5 17. Rc1 Qd6 18. h4 f4 19. exf4 Nxf4 20. gxf4 Qxf4 21. Ng5 Qxh4 22. Rxd5 Rxd5 23. Nxe6 Rf6 24. Bxd5 Qg4+ 25. Bg2 Rxe6 26. Qd1 Qg5 27. Rc3 Qf4 28. Rxc6 Rxc6 29. Bxc6 h5 30. Bg2 h4 31. d5 Qg5 32. d6 h3 33. Qb3+ Kf8 34. Qf3+ 1-0


[Site "https://www.chess.com"]